 Dungeon Crawl Stone Soup version 0.30-a0-867-g305f33218d (webtiles) character file.

Game seed: 17091659310137840454

783 Jackthecabe the Thrower (level 7, -12/51 HPs)
             Began as a Gnoll Wanderer on Mar 10, 2023.
             Was an Initiate of Ashenzari.
             Killed from afar by an orc wizard (13 damage)
             ... with a bolt of dispelling energy
             ... on level 5 of the Dungeon.
             The game lasted 00:15:19 (5543 turns).

Jackthecabe the Thrower (Gnoll Wanderer)            Turns: 5543, Time: 00:15:19

Health: -12/51     AC:  1    Str:  9    XL:     7   Next: 86%
Magic:  0/13       EV: 12    Int: 19    God:    Ashenzari [......]
Gold:   172        SH:  0    Dex: 10    Spells: 13/14 levels left

rFire   . . .      SeeInvis .    a - +2 dagger
rCold   + . .      Faith    .    (no shield)
rNeg    . . .      Spirit   .    d - +0 robe
rPois   .          Reflect  .    (no helmet)
rElec   .          Rampage  .    (no cloak)
rCorr   .                        (no gloves)
Will    .....                    (no boots)
Stlth   ++                       (no amulet)
HPRegen 0.28/turn                L - ring of Toth-Mos's Legacy {Fly, Fort, Comp} (curse)
MPRegen 0.13/turn                (no ring)

@: flying
A: fangs 1, strong nose, distributed training, clever 1, cold resistance 1,
deformed body, evolution 1
a: Renounce Religion, Shatter the Chains


You were on level 5 of the Dungeon.
You worshipped Ashenzari.
Ashenzari was noncommittal.
You visited 2 branches of the dungeon, and saw 6 of its levels.

You collected 172 gold pieces.


Innate Abilities, Weirdness & Mutations

You have very sharp teeth.
Your uncanny sense of smell can sniff out nearby items.
Your experience applies equally to all skills.
Your mind is acute. (Int +4, Str/Dex -1)
Your flesh is cold resistant. (rC+)
Armour fits poorly on your strangely shaped body.
You have hidden genetic potential.


   Skills:
 + Level 2.8 Fighting
 + Level 2.8 Short Blades
 + Level 2.8 Long Blades
 + Level 2.8 Axes
 + Level 2.8 Maces & Flails
 + Level 2.8 Polearms
 + Level 2.8 Staves
 + Level 2.8 Ranged Weapons
 + Level 10.8 Throwing
 + Level 2.8(3.2) Armour
 + Level 3.9 Dodging
 + Level 2.8 Stealth
 + Level 2.8(3.2) Shields
 + Level 2.8 Unarmed Combat
 + Level 4.0 Spellcasting
 + Level 2.3 Conjurations
 + Level 2.3 Hexes
 + Level 2.3(2.7) Summonings
 + Level 2.3(2.7) Necromancy
 + Level 2.3 Translocations
 + Level 2.3 Transmutations
 + Level 4.5 Fire Magic
 + Level 2.3 Ice Magic
 + Level 2.3 Air Magic
 + Level 2.3 Earth Magic
 + Level 2.3 Poison Magic
 + Level 4.1 Invocations
 + Level 2.8 Evocations


You had 13 spell levels left.
You knew the following spells:

 Your Spells              Type           Power      Damage    Failure   Level
f - Foxfire               Conj/Fire      64%        2x1d7     3%          1

Your spell library contained the following spells:

 Spells                   Type           Power      Damage    Failure   Level
 Freeze                   Ice            48%        1d6       5%          1
 Inner Flame              Hex/Fire       16%        N/A       10%         3
 Frozen Ramparts          Ice            24%        1d4       16%         3
 Hailstorm                Conj/Ice       12%        3d5       16%         3

Inventory:

Hand Weapons
 a - a +2 dagger (weapon)
Missiles
 b - a curare-tipped dart {=f}
 o - 2 poisoned darts
Armour
 d - a +0 robe (worn)
 n - a +0 cloak
 p - a +2 helmet
 t - a +0 pair of boots
Magical Staves
 g - a staff of fire {!a}
 l - a staff of fire {!a}
 u - a staff of poison {!a}
Jewellery
 k - an amulet of faith {!P}
 L - the cursed ring of Toth-Mos's Legacy (left hand) {Fly, Fort, Comp}
   (You found it on level 1 of the Dungeon)

   [ring of flight]

   Fly:       It grants you flight.
   It has a curse which improves the following skills: Fortitude: Armour and
   Shields.
   Companions: Summonings and Necromancy.
Wands
 r - a wand of polymorph (10)
Scrolls
 e - 3 scrolls of identify {@r1}
 f - 4 scrolls of enchant weapon {unknown}
 j - a scroll of enchant armour {unknown}
 v - a scroll of torment {unknown}
 w - a scroll of vulnerability {unknown}
Potions
 c - 5 potions of attraction
 m - a potion of flight
 q - a potion of might {unknown}
 s - 2 potions of lignification

Dungeon Overview and Level Annotations

Branches:
Dungeon (5/15)             Temple (1/1) D:4

Altars:
Ashenzari
Cheibriados
Dithmenos
Elyvilon
Gozag
Makhleb
Nemelex Xobeh
Okawaru
Ru
Sif Muna
Trog
Uskayaw
Wu Jian
Xom
Yredelemnul
Zin
The Shining One

##.....# ..
#......#)..
#..†...'...
#......#..$
#......#
####†.>..#
##~~~.######
░░~≈≈≈~..[..#
░⚑~~@≈~)....#
░░~≈≈≈~....##
##~{~.....#
####.....##
#>......#
#.......+
#.......#
##.[.....#
#......######


There were no monsters in sight!


Message History

Unknown command.
As you read the scroll labelled VEAQ DIGUCOGURGH, it crumbles to dust.
It is a scroll of identify.
m - a potion of flight The scorpion barely misses you.
Something hits you but does no damage. Something hits you but does no damage.
The scorpion attacks as you move away! The scorpion closely misses you.
You are too injured to fight recklessly!
Casting: Foxfire (safe; 4% risk of failure)
Confirm with . or Enter, or press ? or * to list all spells.
You conjure some foxfire!
The foxfire hits the scorpion.
The scorpion is heavily wounded.
The foxfire hits the scorpion.
The scorpion is severely wounded.
The scorpion is engulfed in a cloud of scalding steam.
You kill the scorpion!
You hear a zap.
A bolt of dispelling energy appears from out of thin air!
The bolt of dispelling energy hits you!
* * * LOW HITPOINT WARNING * * *
Unknown command.
It was a potion of mutation.
You feel extremely strange.
You feel resistant to cold.
Your body twists and deforms.
You feel a hidden potential growing inside you.
You feel clever.
You hear a zap.
A bolt of dispelling energy appears from out of thin air!
The bolt of dispelling energy hits you!
You die...

Skill      XL: |  1  2  3  4  5  6  7 |
---------------+----------------------+-----
Throwing       | | 10.8
Fighting       | 1 2 |  2.8
Short Blades   | 1 2 |  2.8
Long Blades    | 1 2 |  2.8
Axes           | 1 2 |  2.8
Maces & Flails | 1 2 |  2.8
Polearms       | 1 2 |  2.8
Staves         | 1 2 |  2.8
Ranged Weapons | 1 2 |  2.8
Armour         | 1 2 |  2.8
Stealth        | 1 2 |  2.8
Shields        | 1 2 |  2.8
Unarmed Combat | 1 2 |  2.8
Evocations     | 1 2 |  2.8
Spellcasting   | 3 4 |  4.0
Conjurations   | 1 2 |  2.3
Hexes          | 1 2 |  2.3
Summonings     | 1 2 |  2.3
Necromancy     | 1 2 |  2.3
Translocations | 1 2 |  2.3
Transmutations | 1 2 |  2.3
Ice Magic      | 1 2 |  2.3
Air Magic      | 1 2 |  2.3
Earth Magic    | 1 2 |  2.3
Poison Magic   | 1 2 |  2.3
Invocations    | 3 4 |  4.1
Dodging        | 3 |  3.9
Fire Magic     | 4 |  4.5

Action                     |  1- 3 |  4- 6 |  7- 9 || total
---------------------------+-------+-------+-------++-------
  Melee: Dagger            |    23 |       |     7 ||    30
         Staff             |     2 |     6 |     2 ||    10
         Bite              |       |       |     1 ||     1
  Throw: Dart              |     1 |       |       ||     1
   Cast: Foxfire           |    78 |   137 |    51 ||   266
 Invoke: Curse Item        |       |       |     1 ||     1
    Use: Potion            |       |       |     4 ||     4
         Scroll            |       |       |     1 ||     1
 Armour: Robe              |     6 |     4 |     4 ||    14
  Dodge: Dodged            |    26 |    20 |    15 ||    61

Levels and vault maps discovered:
D:1:      ncdulo_watergridlock, layout_loops_ring, patterned_corridor
D:2:      layout_basic, minmay_door_square
D:3:      layout_basic, nicolae_ru_awakened_eye,
          hellmonk_ecumenical_altar_blasted, uniq_robin
D:4:      layout_cave_pods, kennysheep_okawaru_gauntlet,
          minmay_temple_entry_glass
D:5:      layout_gridville, kennysheep_slug_shrine, chequers_ossuary_entry_cave
Temple:   compressed_dpeg_circular_temple

Notes
Turn   | Place    | Note
-------+----------+-------------------------------------------
     0 | D:1      | Reached skill level 10 in Throwing
     0 | D:1      | Jackthecabe the Gnoll Wanderer began the quest for the Orb.
     0 | D:1      | Jackthecabe set off with the following items: a +2 dagger,
                  | a curare-tipped dart {=f}, 2 potions of attraction, a +0
                  | robe; and the following spell memorised: Foxfire; and the
                  | following spells available to memorise: Inner Flame.
     0 | D:1      | Reached XP level 1. HP: 13/13 MP: 4/4
   261 | D:1      | Reached XP level 2. HP: 19/19 MP: 3/5
   827 | D:1      | Reached XP level 3. HP: 25/25 MP: 5/7
  1757 | D:2      | Reached skill level 1 in Fighting
  1757 | D:2      | Reached skill level 1 in Short Blades
  1757 | D:2      | Reached skill level 1 in Long Blades
  1757 | D:2      | Reached skill level 1 in Axes
  1757 | D:2      | Reached skill level 1 in Maces & Flails
  1757 | D:2      | Reached skill level 1 in Polearms
  1757 | D:2      | Reached skill level 1 in Staves
  1757 | D:2      | Reached skill level 1 in Ranged Weapons
  1757 | D:2      | Reached skill level 1 in Armour
  1757 | D:2      | Reached skill level 1 in Stealth
  1757 | D:2      | Reached skill level 1 in Shields
  1757 | D:2      | Reached skill level 1 in Unarmed Combat
  1757 | D:2      | Reached skill level 1 in Evocations
  2196 | D:2      | Reached XP level 4. HP: 32/32 MP: 5/8
  2257 | D:2      | Reached skill level 3 in Spellcasting
  2638 | D:3      | Found a sacrificial altar of Ru.
  2657 | D:3      | Reached skill level 1 in Conjurations
  2657 | D:3      | Reached skill level 1 in Hexes
  2657 | D:3      | Reached skill level 1 in Summonings
  2657 | D:3      | Reached skill level 1 in Necromancy
  2657 | D:3      | Reached skill level 1 in Translocations
  2657 | D:3      | Reached skill level 1 in Transmutations
  2657 | D:3      | Reached skill level 1 in Ice Magic
  2657 | D:3      | Reached skill level 1 in Air Magic
  2657 | D:3      | Reached skill level 1 in Earth Magic
  2657 | D:3      | Reached skill level 1 in Poison Magic
  2672 | D:3      | Noticed Robin
  2857 | D:3      | Killed Robin
  2975 | D:3      | Found a faded altar of an unknown god.
  2992 | D:3      | Reached skill level 3 in Invocations
  3012 | D:3      | Identified the +3 short sword of Cess {pain, rElec rF- rC++
                  | Will-}
  3160 | D:3      | Reached XP level 5. HP: 37/37 MP: 7/9
  3322 | D:3      | Reached skill level 3 in Dodging
  3322 | D:3      | Reached skill level 4 in Fire Magic
  3616 | D:3      | You fall into a shaft and drop 1 floor!
  3935 | D:4      | Reached XP level 6. HP: 44/44 MP: 3/11
  4164 | D:4      | Reached skill level 2 in Fighting
  4164 | D:4      | Reached skill level 2 in Short Blades
  4164 | D:4      | Reached skill level 2 in Long Blades
  4164 | D:4      | Reached skill level 2 in Axes
  4164 | D:4      | Reached skill level 2 in Maces & Flails
  4164 | D:4      | Reached skill level 2 in Polearms
  4164 | D:4      | Reached skill level 2 in Staves
  4164 | D:4      | Reached skill level 2 in Ranged Weapons
  4164 | D:4      | Reached skill level 2 in Armour
  4164 | D:4      | Reached skill level 2 in Stealth
  4164 | D:4      | Reached skill level 2 in Shields
  4164 | D:4      | Reached skill level 2 in Unarmed Combat
  4164 | D:4      | Reached skill level 2 in Evocations
  4285 | D:4      | Found a staircase to the Ecumenical Temple.
  4294 | Temple   | Entered the Ecumenical Temple
  4419 | Temple   | Became a worshipper of Ashenzari the Shackled
  4685 | D:4      | Reached XP level 7. HP: 50/50 MP: 6/12
  4794 | D:4      | Reached skill level 2 in Conjurations
  4794 | D:4      | Reached skill level 2 in Hexes
  4794 | D:4      | Reached skill level 2 in Summonings
  4794 | D:4      | Reached skill level 2 in Necromancy
  4794 | D:4      | Reached skill level 2 in Translocations
  4794 | D:4      | Reached skill level 2 in Transmutations
  4794 | D:4      | Reached skill level 2 in Ice Magic
  4794 | D:4      | Reached skill level 2 in Air Magic
  4794 | D:4      | Reached skill level 2 in Earth Magic
  4794 | D:4      | Reached skill level 2 in Poison Magic
  5192 | D:4      | Found an iron altar of Okawaru.
  5373 | D:5      | Entered Level 5 of the Dungeon
  5388 | D:5      | Found a snail-covered altar of Cheibriados.
  5403 | D:5      | Reached skill level 4 in Invocations
  5498 | D:5      | Reached skill level 4 in Spellcasting
  5542 | D:5      | HP: 1/51 [something/bolt of dispelling energy (16)]
  5543 | D:5      | Gained mutation: Your flesh is cold resistant. (rC+)
                  | [potion of mutation]
  5543 | D:5      | Gained mutation: Armour fits poorly on your strangely
                  | shaped body. [potion of mutation]
  5543 | D:5      | Gained mutation: You have hidden genetic potential. [potion
                  | of mutation]
  5543 | D:5      | Gained mutation: Your mind is acute. (Int +4, Str/Dex -1)
                  | [potion of mutation]
  5543 | D:5      | Killed from afar by an orc wizard

Vanquished Creatures
  An ogre (D:4)
  A phantom (D:4)
  2 scorpions (D:5)
  2 howler monkeys
  3 orc priests
  2 hounds
  An iguana (D:4)
  2 orc wizards
  Robin (D:3)
  3 gnolls (D:4)
  3 adders
  4 dart slugs
  12 orcs
  5 endoplasms
  6 giant cockroaches
  16 goblins
  6 hobgoblins
  3 jackals (D:2)
  3 quokkas
  12 ball pythons
  7 bats
  5 frilled lizards
  10 kobolds
  9 rats
119 creatures vanquished.

Vanquished Creatures (others)
  An orc wizard (D:5)
  440 foxfires
441 creatures vanquished.

Grand Total: 560 creatures vanquished

Table legend: (Time is in decaauts)
 A = Elapsed time spent in this place.
 B = Non-inter-level travel time spent in this place.
 C = Inter-level travel time spent in this place.
 D = Time resting spent in this place.
 E = Time spent auto-exploring this place.
 F = Levels seen in this place.
 G = Mean time per level.
                   A        B        C        D        E       F      G
               +--------+--------+--------+--------+--------+-----+--------+
         Total |   5543 |   5333 |    210 |    301 |   4191 |   6 |  923.8 |
       Dungeon |   5403 |   5231 |    172 |    301 |   4102 |   5 | 1080.6 |
        Temple |    139 |    101 |     38 |      0 |     89 |   1 |  139.0 |
               +--------+--------+--------+--------+--------+-----+--------+

Top non-repeatable levels by time:
     D:4: 1444 daAuts
     D:2: 1372 daAuts
     D:1: 1330 daAuts
     D:3: 1088 daAuts
     D:5: 168 daAuts
  Temple: 139 daAuts

Table legend:
 A = Non-vault XP
 B = Vault XP
 C = Vault XP percentage of total XP
 D = Non-vault monster count
 E = Vault monster count
 F = Vault count percentage of total count
                 A         B        C        D         E       F
            +---------+---------+-------+---------+---------+-------
      Total |    1077 |      42 |   3.8 |     106 |      14 |  11.7
            +---------+---------+-------+---------+---------+-------
        D:1 |      51 |       0 |   0.0 |      33 |       0 |   0.0
        D:2 |      45 |       4 |   8.2 |      20 |       2 |   9.1
        D:3 |     118 |      31 |  20.8 |      19 |       9 |  32.1
        D:4 |     570 |       3 |   0.5 |      28 |       2 |   6.7
        D:5 |     293 |       4 |   1.3 |       6 |       1 |  14.3
            +---------+---------+-------+---------+---------+-------
